 Dungeon Crawl Stone Soup version 0.31.0-9-g3a7656b989 (webtiles) character file.

Game seed: 18088835911183866732

184 qw the Skirmisher (level 5, 0/29 HPs)
             Began as a Deep Elf Hunter on Feb 2, 2024.
             Slain by a river rat (4 damage)
             ... summoned by Eustachio
             ... on level 4 of the Dungeon.
             The game lasted 00:00:10 (2761 turns).

qw the Skirmisher (Deep Elf Hunter)                 Turns: 2761, Time: 00:00:10

Health: 0/29       AC:  9    Str: 10    XL:     5   Next: 36%
Magic:  7/7        EV: 11    Int: 14    God:
Gold:   195        SH:  0    Dex: 18    Spells: 4/4 levels left

rFire   + . .        a - +0 shortbow
rCold   . . .        (shield currently unavailable)
rNeg    + . .        l - +4 ring mail {rF+}
rPois   +            (no helmet)
rElec   .            (no cloak)
rCorr   .            (no gloves)
SInv    .            (no boots)
Will    .....        h - amulet of the acrobat
Stlth   +            g - ring of poison resistance
HPRegen 0.24/turn    m - ring of positive energy
MPRegen 0.10/turn

%: acrobat
@: about to teleport, hasted (expiring), very quick
A: no striking features
a: no special abilities


You were on level 4 of the Dungeon.
You visited 1 branch of the dungeon, and saw 4 of its levels.

You collected 195 gold pieces.


   Skills:
 - Level 1.5 Fighting
 + Level 8.9 Ranged Weapons
 - Level 2.4 Dodging
 - Level 1.2 Stealth


You had 4 spell levels left.
You didn't know any spells.
Your spell library was empty.

Inventory:

Hand Weapons
 a - a +0 shortbow (weapon)
Armour
 l - a +4 ring mail of fire resistance (worn)
Jewellery
 g - a ring of poison resistance (left hand)
 h - an amulet of the acrobat (around neck)
 m - a ring of positive energy (right hand)
Scrolls
 e - a scroll of identify
Potions
 c - a potion of invisibility {unknown}
 i - a potion of mutation
 j - a potion of brilliance {unknown}
 n - a potion of lignification {unknown}

Dungeon Overview and Level Annotations

Branches:
Dungeon (4/15)
 Temple: D:4-7

Altars:

Annotations:
D:4 Eustachio


Message History

You shoot an arrow. The arrow barely misses Eustachio.
Eustachio mumbles some strange words.
You shoot an arrow. The arrow barely misses Eustachio.
Eustachio closely misses you.
You shoot an arrow. The arrow misses Eustachio.
The rat barely misses you. Eustachio hits you with a +0 falchion.
You shoot an arrow. The arrow barely misses Eustachio.
The arrow hits the river rat.
The river rat is lightly wounded.
The rat barely misses you. Eustachio hits you but does no damage.
You shoot an arrow.
The arrow hits Eustachio but does no damage.
Eustachio is heavily wounded.
The river rat bites you. The rat closely misses you.
You shoot an arrow. The arrow hits Eustachio.
Eustachio is severely wounded.
Eustachio hits you with a +0 falchion. The river rat barely misses you.
The rat bites you but does no damage.
You shoot an arrow.
The arrow hits Eustachio but does no damage.
Eustachio is severely wounded.
Your extra speed is starting to run out.
Eustachio hits you with a +0 falchion.
2758 ||| READING scroll of teleportation.
As you read the scroll of teleportation, it crumbles to dust.
You feel strangely unstable. The rat bites you but does no damage.
The river rat bites you.
Eustachio brags, "I can call spirits from the vasty deep."
Eustachio closely misses you.
You shoot an arrow. The arrow hits Eustachio.
Eustachio is severely wounded.
The river rat barely misses you. The rat closely misses you.
You shoot an arrow. The arrow hits Eustachio.
Eustachio is almost dead.
Eustachio casts a spell.
Eustachio blinks!
You shoot an arrow.
The arrow hits the river rat but does no damage.
The river rat bites you.
You die...

##.##.###...###.#.#
###..##.###.......#.#
#....##.............#
##..#.#######)..######
+#...#.# #...#
....##.# #...#
..#.##.# #...# #####
#.#.##.#
#####.r¤#......
#.#.##.#
.@.....@r....). ..#.#
.. ....>..........
##..# ...............
.## ###.#.....####. .#
#.#.....# .# # #......
#....### #....#


You could see Eustachio, a river rat (summoned) and a rat (summoned).

Vanquished Creatures
  An ogre (D:3)
  3 adders
  A dart slug (D:2)
  A ribbon worm (D:3)
  An orc (D:3)
  5 ball pythons
  9 bats
  5 endoplasms
  3 giant cockroaches
  7 goblins
  5 hobgoblins
  3 jackals (D:3)
  2 quokkas
  4 frilled lizards (D:1)
  7 kobolds
  5 rats
62 creatures vanquished.

Notes
Turn   | Place    | Note
-------+----------+-------------------------------------------
     0 | D:1      | qw the Deep Elf Hunter began the quest for the Orb.
     0 | D:1      | Reached XP level 1. HP: 12/12 MP: 3/3
     0 | D:1      | 0 ||| qw: Version: 0.3-a-155-g5e7d8dd
     0 | D:1      | 0 ||| qw: Game counter: 1739
     0 | D:1      | 0 ||| qw: Melee chars always use a shield: true
     0 | D:1      | 0 ||| qw: God list: Okawaru
     0 | D:1      | 0 ||| qw: Allow faded altars: false
     0 | D:1      | 0 ||| qw: Do Orc after clearing Dungeon:15 true
     0 | D:1      | 0 ||| qw: Do second Lair branch before Depths: true
     0 | D:1      | 0 ||| qw: Lair rune preference: random
     0 | D:1      | 0 ||| qw: Goals: Normal
     0 | D:1      | 0 ||| PLANNING D:1-11
    75 | D:1      | Reached XP level 2. HP: 16/16 MP: 4/4
    83 | D:1      | Reached skill level 6 in Ranged Weapons
    83 | D:1      | Found a faded altar of an unknown god.
   805 | D:1      | 805 ||| UPGRADING to amulet of the acrobat.
   810 | D:1      | 810 ||| UPGRADING to ring of poison resistance.
   811 | D:1      | 811 ||| READING 3 scrolls labelled UTZUDE ORHIE.
   815 | D:1      | 815 ||| READING 3 scrolls labelled DEOTWU EXESA.
   815 | D:1      | 815 ||| IDENTIFYING bubbling inky potion
   816 | D:1      | 816 ||| READING 2 scrolls of identify.
   816 | D:1      | 816 ||| IDENTIFYING scroll labelled AHOFID MYSOBB
   817 | D:1      | 817 ||| READING scroll of identify.
   817 | D:1      | 817 ||| IDENTIFYING 2 scrolls labelled SEKKED VUJIRIN
   818 | D:1      | 818 ||| DROPPING scroll of butterflies.
   819 | D:1      | 819 ||| DROPPING 2 scrolls of revelation.
   820 | D:1      | 820 ||| DROPPING scroll of immolation.
   919 | D:2      | Reached XP level 3. HP: 20/20 MP: 5/5
   978 | D:2      | Reached skill level 7 in Ranged Weapons
  1437 | D:2      | 1437 ||| UPGRADING to +0 scale mail.
  1447 | D:2      | 1447 ||| DROPPING +0 leather armour.
  1448 | D:2      | 1448 ||| READING scroll labelled OFUATO OTUGAI.
  1449 | D:2      | 1449 ||| READING scroll labelled CUARAA WIKI.
  1550 | D:2      | 1550 ||| DRINKING 2 silvery potions.
  1673 | D:3      | Reached XP level 4. HP: 25/25 MP: 6/6
  2300 | D:3      | Noticed an ogre
  2301 | D:3      | 2301 ||| DRINKING 2 potions of haste.
  2310 | D:3      | HP: 1/25 [ogre/+0 giant club (8)]
  2311 | D:3      | 2311 ||| READING 2 scrolls of teleportation.
  2312 | D:3      | 2312 ||| DRINKING potion of heal wounds.
  2315 | D:3      | Killed an ogre
  2316 | D:3      | Reached skill level 8 in Ranged Weapons
  2316 | D:3      | Reached XP level 5. HP: 11/29 MP: 7/7
  2497 | D:3      | 2497 ||| UPGRADING to +0 ring mail.
  2507 | D:3      | 2507 ||| DROPPING +0 scale mail.
  2508 | D:3      | 2508 ||| UPGRADING to +4 ring mail of fire resistance.
  2518 | D:3      | 2518 ||| DROPPING +0 ring mail.
  2519 | D:3      | 2519 ||| UPGRADING to ring of positive energy.
  2520 | D:3      | 2520 ||| READING scroll of identify.
  2520 | D:3      | 2520 ||| IDENTIFYING fuming black potion
  2720 | D:4      | Noticed Eustachio
  2721 | D:4      | 2721 ||| DRINKING potion of haste.
  2757 | D:4      | HP: 5/29 [Eustachio/+0 falchion (5)]
  2758 | D:4      | 2758 ||| READING scroll of teleportation.
  2761 | D:4      | Slain by a river rat

Levels and vault maps discovered:
D:1:      lemuel_arrival_cross, layout_basic,
          dreamdust_ecumenical_altar_statues, chequers_mini_garden,
          hangedman_decor_push, minmay_three_crescents
D:2:      cheibrodos_old_hovel, layout_loops_ring
D:3:      layout_loops_corners, kennysheep_decorative_pillar
D:4:      cheibrodos_greedy_goblins, layout_loops_cross, good_gods_mini_temple,
          kiku_gazebo_garden_becter, minmay_overflow_temple_hex,
          kennysheep_diamond, uniq_eustachio

Skill      XL: |  1  2  3  4 |
---------------+-------------+-----
Ranged Weapons | 6 7 8 |  8.9
Fighting       | |  1.5
Dodging        | |  2.4
Stealth        | |  1.2

Action                     |  1- 3 |  4- 6 || total
---------------------------+-------+-------++-------
   Fire: Shortbow          |   106 |   106 ||   212
    Use: Scroll            |     6 |     3 ||     9
         Potion            |     1 |     3 ||     4
 Armour: Leather armour    |    13 |       ||    13
         Scale mail        |     1 |    31 ||    32
         Ring mail         |       |    18 ||    18
  Dodge: Dodged            |    18 |    41 ||    59

Table legend:
 A = Non-vault XP
 B = Vault XP
 C = Vault XP percentage of total XP
 D = Non-vault monster count
 E = Vault monster count
 F = Vault count percentage of total count
                 A         B        C        D         E       F
            +---------+---------+-------+---------+---------+-------
      Total |     253 |      11 |   4.2 |      55 |       7 |  11.3
            +---------+---------+-------+---------+---------+-------
        D:1 |      24 |       9 |  27.3 |      16 |       6 |  27.3
        D:2 |      55 |       2 |   3.5 |      16 |       1 |   5.9
        D:3 |     174 |       0 |   0.0 |      23 |       0 |   0.0
            +---------+---------+-------+---------+---------+-------
